 Dungeon Crawl Stone Soup version 0.30-a0-777-ga9a30cbeda (webtiles) character file.

Game seed: 17276238882306285650

254 Crownlay the Shooter (level 6, -3/48 HPs)
             Began as a Formicid Hunter on Feb 13, 2023.
             Slain by an orc wizard
             ... wielding a +0 dagger
              (4 damage)
             ... on level 3 of the Dungeon.
             The game lasted 00:03:05 (1814 turns).

Crownlay the Shooter (Formicid Hunter)              Turns: 1814, Time: 00:03:05

Health: -3/48      AC:  3    Str: 15    XL:     6   Next: 37%
Magic:  6/6        EV: 12    Int:  9    God:
Gold:   203        SH:  0    Dex: 19    Spells: 5/5 levels left

rFire   . . .      SeeInvis +    a - +0 shortbow
rCold   . . .      Faith    .    (no shield)
rNeg    . . .      Spirit   .    c - +0 leather armour
rPois   .          Reflect  .    (helmet unavailable)
rElec   .          Harm     .    (no cloak)
rCorr   .          Rampage  .    (no gloves)
Will    .....                    (no boots)
Stlth   ++                       (no amulet)
HPRegen 0.28/turn                (no ring)
MPRegen 0.10/turn                (no ring)

@: no status effects
A: permanent stasis, dig shafts and tunnels, antennae 3, four strong arms
a: Dig, Shaft Self


You were on level 3 of the Dungeon.
You visited 1 branch of the dungeon, and saw 3 of its levels.

You collected 203 gold pieces.

Inventory:

Hand Weapons
 a - a +0 shortbow (weapon)
Armour
 c - a +0 leather armour (worn)
Scrolls
 b - a scroll of immolation
 f - 2 scrolls of fear {unknown}
 g - 2 scrolls of blinking {unknown}
 h - 2 scrolls of poison {unknown}
 i - a scroll of acquirement {unknown}
 j - a scroll of brand weapon {unknown}
 m - a scroll of magic mapping {unknown}
 n - a scroll of noise {unknown}
 q - a scroll of teleportation {unknown}
Potions
 d - a potion of brilliance {unknown}
 e - a potion of magic
 k - a potion of curing
 l - a potion of lignification {unknown}
 o - a potion of resistance {unknown}
 p - a potion of mutation {unknown}


   Skills:
 + Level 4.2 Fighting
 * Level 6.3 Ranged Weapons
 - Level 1.7 Dodging
 + Level 1.6 Stealth


You had 5 spell levels left.
You didn't know any spells.
Your spell library contained the following spells:

 Spells                   Type           Power      Damage    Failure   Level
 Sublimation of Blood     Necr           0%         N/A       58%         2
 Petrify                  Tmut/Erth      0%         N/A       99%         4
 Irradiate                Conj/Tmut      0%         3d11      100%        5


Dungeon Overview and Level Annotations

Branches:
Dungeon (3/15)

Altars:
Qazlal
Yredelemnul


Innate Abilities, Weirdness & Mutations

You cannot be hasted, slowed, berserked, paralysed or teleported.
You can dig through walls and to a lower floor.
You have a pair of large antennae on your head. (SInv)
Your four strong arms can wield two-handed weapons with a shield.


Message History

The orc wizard hits you with a +0 dagger.
* * * LOW HITPOINT WARNING * * *
Fire: a) +0 shortbow
Press: ? - help, Shift-Dir - straight line, f/p - orc wizard
Aim: an orc wizard, wielding a +0 dagger and wearing a +0 robe (heavily wounded, slightly transparent, 60% to hit)
You shoot an arrow. The arrow barely misses the orc wizard.
The orc wizard hits you with a +0 dagger.
* * * LOW HITPOINT WARNING * * *
The orc closely misses you.
The orc wizard hits you but does no damage.
The orc barely misses you. The orc attacks as you move away!
The orc closely misses you.
The orc wizard attacks as you move away!
The orc wizard closely misses you.
Found a small coral ring.
The orc attacks as you move away! The orc hits you with a +0 whip.
* * * LOW HITPOINT WARNING * * *
Found a club.
The orc attacks as you move away! The orc closely misses you.
You see here a ring of willpower.
Fire: a) +0 shortbow
Press: ? - help, Shift-Dir - straight line, f/p - orc wizard
Aim: an orc wizard, wielding a +0 dagger and wearing a +0 robe (moderately wounded, slightly transparent, 60% to hit)
You shoot an arrow.
The arrow hits the orc wizard but does no damage.
The orc wizard is moderately wounded.
Fire: a) +0 shortbow
Press: ? - help, Shift-Dir - straight line, f/p - orc wizard
Aim: an orc wizard, wielding a +0 dagger and wearing a +0 robe (moderately wounded, slightly transparent, 60% to hit)
You shoot an arrow. The arrow hits the orc wizard.
The orc wizard is severely wounded.
The orc wizard hits you with a +0 dagger.
* * * LOW HITPOINT WARNING * * *
The orc hits you with a +0 whip.
* * * LOW HITPOINT WARNING * * *
It was a potion of magic.
Magic courses through your body.
The endoplasm jiggles.
The orc hits you with a +0 whip.
* * * LOW HITPOINT WARNING * * *
The orc wizard hits you with a +0 dagger.
You die...

#...# #.........#
##### #.........#
######## ##..........
#....$.####..)........
#.....†J)...##..####..
#......#######..# #
#......# #..# #####o##
..## #o@# ..# ##..# ..
..... ......).
...........
............
.............
#.............


You could see an orc wizard and an orc.

Vanquished Creatures
  Sigmund (D:2)
  An orc wizard (D:3)
  An adder (D:2)
  A dart slug (D:3)
  3 orcs (D:3)
  8 endoplasms
  2 giant cockroaches
  6 goblins
  5 hobgoblins
  4 jackals (D:1)
  2 kobolds (D:1)
  A quokka (D:1)
  3 ball pythons
  3 bats
  5 frilled lizards (D:1)
  5 rats (D:1)
51 creatures vanquished.

Notes
Turn   | Place    | Note
-------+----------+-------------------------------------------
     0 | D:1      | Crownlay the Formicid Hunter began the quest for the Orb.
     0 | D:1      | Reached XP level 1. HP: 16/16 MP: 1/1
    17 | D:1      | Found a faded altar of an unknown god.
    87 | D:1      | Reached XP level 2. HP: 23/23 MP: 2/2
   280 | D:1      | Reached XP level 3. HP: 28/28 MP: 3/3
  1234 | D:2      | Reached XP level 4. HP: 35/35 MP: 4/4
  1277 | D:2      | Reached skill level 5 in Ranged Weapons
  1299 | D:2      | Noticed Sigmund
  1336 | D:2      | Killed Sigmund
  1337 | D:2      | Reached skill level 6 in Ranged Weapons
  1337 | D:2      | Reached XP level 5. HP: 10/42 MP: 5/5
  1337 | D:2      | Reached XP level 6. HP: 12/48 MP: 6/6
  1520 | D:2      | Found a stormy altar of Qazlal.
  1751 | D:3      | Found a basalt altar of Yredelemnul.
  1814 | D:3      | HP: 1/48 [orc/+0 whip (2)]
  1814 | D:3      | Slain by an orc wizard

Illustrated notes

Levels and vault maps discovered:
D:1:      dpeg_arrival_radiant, layout_basic,
          hellmonk_ecumenical_altar_slurped_away
D:2:      layout_basic, basic_altar, uniq_sigmund
D:3:      layout_rooms, cheibrodos_ashenzari_chains, yredelemnul_altar_generic,
          portal_sewer_entry_c

Skill      XL: |  1  2  3  4 |
---------------+-------------+-----
Fighting       | 3 4 |  4.2
Ranged Weapons | 6 |  6.3
Dodging        | |  1.7
Stealth        | |  1.6

Action                     |  1- 3 |  4- 6 || total
---------------------------+-------+-------++-------
  Melee: Shortbow          |       |     1 ||     1
   Fire: Shortbow          |    68 |    77 ||   145
Ability: Dig               |       |     3 ||     3
    Use: Potion            |       |     2 ||     2
 Armour: Leather armour    |     3 |    13 ||    16
  Dodge: Dodged            |     6 |    46 ||    52

Table legend: (Time is in decaauts)
 A = Elapsed time spent in this place.
 B = Non-inter-level travel time spent in this place.
 C = Inter-level travel time spent in this place.
 D = Time resting spent in this place.
 E = Time spent auto-exploring this place.
 F = Levels seen in this place.
 G = Mean time per level.
                   A        B        C        D        E       F      G
               +--------+--------+--------+--------+--------+-----+--------+
         Total |   1854 |   1809 |     45 |      0 |   1448 |   3 |  618.0 |
       Dungeon |   1854 |   1809 |     45 |      0 |   1448 |   3 |  618.0 |
               +--------+--------+--------+--------+--------+-----+--------+

Top non-repeatable levels by time:
     D:1: 1083 daAuts
     D:2: 638 daAuts
     D:3: 132 daAuts
